 Dungeon Crawl Stone Soup version 0.28-b1-25-g9875b3fc8c (webtiles) character file.

Game seed: 14364729295750875181

22 mopl the Sneak (level 2, 0/21 HPs)
             Began as an Octopode Delver on Feb 8, 2022.
             Slain by a rat (2 damage)
             ... on level 3 of the Dungeon.
             The game lasted 00:01:58 (224 turns).

mopl the Sneak (Octopode Delver)                     Turns: 224, Time: 00:01:59

Health: 0/21       AC:  1    Str: 11    XL:     2   Next: 91%
Magic:  2/2        EV: 13    Int: 12    God:
Gold:   31         SH:  0    Dex: 13    Spells: 1/1 levels left

rFire   . . .      SeeInvis .   a - +0 falchion
rCold   . . .      Faith    .   (no shield)
rNeg    . . .      Spirit   .   (helmet restricted)
rPois   .          Reflect  .   (no amulet)
rElec   .          Harm     .   (no ring)
rCorr   .          Rampage  .   (no ring)
Will    .....                   (no ring)
Stlth   ++++......              (no ring)
HPRegen 0.07/turn               (no ring)
MPRegen 0.08/turn               (no ring)
                                (no ring)
                                (no ring)

@: no status effects
A: almost no armour, amphibious, 8 rings, camouflage 1, gelatinous body 1,
(nimble swimmer 1), tentacles
a: no special abilities


You were on level 3 of the Dungeon.
You visited 1 branch of the dungeon, and saw 3 of its levels.

You collected 31 gold pieces.

Inventory:

Hand Weapons
 a - a +0 falchion (weapon)
Wands
 f - a wand of digging (3)
Scrolls
 b - a scroll of fog
 c - 2 scrolls of noise {unknown}
 d - a scroll of fear
 g - a scroll of enchant weapon {unknown}
Potions
 e - a potion of haste
 h - a potion of berserk rage {unknown}


   Skills:
 + Level 3.2 Fighting
 * Level 2.5 Long Blades
 + Level 2.2 Dodging
 + Level 6.8 Stealth


You had one spell level left.
You didn't know any spells.
Your spell library was empty.

Dungeon Overview and Level Annotations

Branches:
Dungeon (5/15)
 Temple: D:4-7

Altars:


Innate Abilities, Weirdness & Mutations

You cannot wear most types of armour.
You are amphibious.
You can wear up to eight rings at the same time.
Your skin changes colour to match your surroundings (Stealth+).
Your rubbery body absorbs attacks. (AC +1, EV +1)
((You are camouflaged when in or above water. (Stealth+)))
You have tentacles for arms and can constrict up to eight enemies at once.


Message History

A goblin comes into view. It is wielding a +0 club.
You see here 21 arrows.
You see here a scroll labelled TOALEJ VUFULU.
c - 2 scrolls labelled TOALEJ VUFULU (gained 1)
The helpless goblin fails to defend itself.
You hit the goblin. You grab the goblin. You squeeze the goblin.
You kill the goblin!
Things that are here:
a +0 club; a goblin corpse
Found a stone staircase leading down.
A rat comes into view.
An adder comes into view.
A river rat and a hobgoblin come into view.
The adder hisses angrily.
You slash the adder! You grab the adder.
The adder is severely wounded.
You constrict the adder. The adder bites you.
* * * LOW HITPOINT WARNING * * *
You hit the adder.
You kill the adder!
You hear the rusting of a drain nearby.
There is a stone staircase leading down here.
There is a stone staircase leading down here.
There is a stone staircase leading down here.
The helpless hobgoblin fails to defend itself.
You hit the hobgoblin. Your grab misses the hobgoblin.
The hobgoblin is severely wounded.
The hobgoblin hits you.
* * * LOW HITPOINT WARNING * * *
You hit the hobgoblin.
You kill the hobgoblin!
The helpless rat fails to defend itself.
You hit the rat. Your grab misses the rat.
The rat is moderately wounded.
The rat bites you.
* * * LOW HITPOINT WARNING * * *
You hit the rat but do no damage. Your grab misses the rat.
The rat is moderately wounded.
The rat misses you. The rat bites you.
You die...

*,,,,,......##.## *,,* #.##.
*******#....#*..# **,* #.#*#
#....#*#.## #.###.##*
*#...###..###.##(..##
**#..........#..§..#
##.####..##...≈≈§..
***********#...####>##.#..≈(.#
*∩≈≈≈≈≈*≈≈≈#....# #.##.##...##
******≈*≈*≈#≈@.†# #....###.##,
*≈≈≈≈*≈*≈*≈#r...#####....#.###
*≈**≈≈≈≈≈*≈≈≈≈............)..#
********≈#≈#≈................#
*≈≈≈≈≈≈≈≈#≈≈≈.....#..........#
**≈******#≈#....##############
*≈≈≈≈≈≈≈#≈≈≈...#
********#≈≈....# *#####**


You could see a rat.

Vanquished Creatures
  An adder (D:3)
  An orc (D:3)
  2 endoplasms (D:3)
  A goblin (D:3)
  2 hobgoblins (D:3)
  A ball python (D:3)
  A frilled lizard (D:3)
  2 kobolds (D:3)
11 creatures vanquished.

Notes
Turn   | Place    | Note
-------+----------+-------------------------------------------
     0 | D:5      | mopl the Octopode Delver began the quest for the Orb.
     0 | D:5      | Reached XP level 1. HP: 16/16 MP: 1/1
   102 | D:3      | Reached XP level 2. HP: 5/21 MP: 2/2
   224 | D:3      | Slain by a rat

Illustrated notes

Levels and vault maps discovered:
D:3:      layout_rooms, kennysheep_slug_shrine, dancing_weapons_uskayaw,
          tso_oasis_becter, lightli_sewer_entry_pipes, amcnicky_mini_pool_small
D:4:      layout_rooms, nicolae_dithmenos_shadow_blocks,
          minmay_temple_entry_gardened_gates
D:5:      layout_basic, grunt_temple_overflow_cloverleaf, uniq_menkaure,
          uniq_crazy_yiuf_cottage, uniq_prince_ribbit1

Action                   || total
-------------------------++-------
Melee: Falchion          ||    22
       Constrict         ||     6
       Tentacles         ||     4
  Use: Scroll            ||     1
 Stab: Sleeping          ||     4
Armor: Skin              ||     1
Dodge: Dodged            ||     6
